 Dungeon Crawl Stone Soup version 0.30-b1-2-g02819fbbbe (webtiles) character file.

Game seed: 1482259554866319454

31983 Mesmaeker13 the Destroyer (level 13, -6/92 HPs)
             Began as an Armataur Conjurer on May 30, 2023.
             Was the Champion of Cheibriados.
             Killed from afar by a fire dragon (45 damage)
             ... with a blast of flame
             ... on level 4 of the Lair of Beasts.
             The game lasted 00:50:42 (20986 turns).

Mesmaeker13 the Destroyer (Armataur Conjurer)      Turns: 20986, Time: 00:50:44

Health: -6/92      AC:  8    Str: 29    XL:     13   Next: 28%
Magic:  9/23       EV: 17    Int: 35    God:    Cheibriados [******]
Gold:   1044       SH:  0    Dex: 32    Spells: 12/25 levels left

rFire   . . .        s - +5 short sword of Earthquakes {heavy, rElec}
rCold   . . .        (no shield)
rNeg    . . .        B - +1 robe {Archmagi}
rPois   .            P - +0 helmet
rElec   +            N - +0 cloak
rCorr   .            (no gloves)
SInv    .            (no barding)
Will    .....        Q - amulet of magic regeneration
Stlth   +++          c - +6 ring of dexterity
HPRegen 0.35/turn    C - ring of wizardry
MPRegen 0.58/turn

%: roll, wizardry (x1), archmagi
@: very slow
A: large, rugged brown scales 3, deformed body, armoured tail, roll, long
tongue, awkward tongue
a: Renounce Religion, Bend Time, Temporal Distortion, Slouch, Step From Time


You were on level 4 of the Lair of Beasts.
You worshipped Cheibriados.
Cheibriados was exalted by your worship.
You visited 2 branches of the dungeon, and saw 14 of its levels.
You also visited: Ossuary.

You collected 1044 gold pieces.

Inventory:

Hand Weapons
 s - the +5 short sword of Earthquakes (weapon) {heavy, rElec}
   (You found it on level 3 of the Dungeon)

   rElec:     It insulates you from electricity.
Missiles
 k - 4 curare-tipped darts (quivered)
 K - 2 throwing nets
Armour
 y - a +0 helmet
 B - a +1 robe of the Archmagi (worn)
 E - the +1 ring mail of the Abyss {rF+ MP+9 Int-2}
   (You found it on level 7 of the Dungeon)

   Int:       It affects your intelligence (-2).
   rF:        It protects you from fire.
   MP:        It affects your magic capacity (+9).
 G - a +2 robe of cold resistance
 N - a +0 cloak (worn)
 P - a +0 helmet (worn)
Jewellery
 c - a +6 ring of dexterity (left hand)
 o - an amulet of the acrobat
 v - a ring of ice
 C - a ring of wizardry (right hand)
 F - an amulet of faith
 Q - an amulet of magic regeneration (around neck)
Wands
 x - a wand of digging (6)
 A - a wand of roots (1)
Scrolls
 a - a scroll of acquirement {unknown}
 f - a scroll of teleportation
 g - a scroll of enchant armour
 h - 3 scrolls of noise
 l - 2 scrolls of poison {unknown}
 m - 3 scrolls of fog
 q - 3 scrolls of immolation
 t - a scroll of butterflies {unknown}
 u - 3 scrolls of vulnerability {unknown}
 H - a scroll of silence
 I - 2 scrolls of magic mapping {unknown}
 J - a scroll of brand weapon {unknown}
 M - a scroll of identify
 O - a scroll of fear {unknown}
Potions
 b - a potion of magic
 d - 2 potions of berserk rage {unknown}
 e - 7 potions of flight
 i - 4 potions of attraction
 j - 2 potions of lignification
 n - 7 potions of curing
 p - 9 potions of mutation
 w - a potion of heal wounds {unknown}
 z - 4 potions of cancellation
 D - 3 potions of brilliance {unknown}
Miscellaneous
 r - a condenser vane
 L - a box of beasts


   Skills:
 + Level 8.1 Armour
 - Level 7.0 Dodging
 - Level 2.1 Stealth
 - Level 6.7 Spellcasting
 + Level 11.0 Conjurations
 - Level 10.0 Translocations
 + Level 7.3 Fire Magic
 + Level 3.0 Poison Magic
 + Level 7.0 Invocations


You had 12 spell levels left.
You knew the following spells:

 Your Spells              Type           Power      Damage    Failure   Level
a - Magic Dart            Conj           100%       1d8       1%          1
b - Olgreb's Toxic Radia  Pois           49%        N/A       4%          4
c - Iskenderun's Mystic   Conj/Tloc      91%        2d18      1%          4
d - Sticky Flame          Conj/Fire      85%        2d10      1%          4

Your spell library contained the following spells:

 Spells                   Type           Power      Damage    Failure   Level
 Freeze                   Ice            68%        1d8       1%          1
 Necrotise                Necr           68%        1d7       1%          1
 Cigotuvi's Dreadful Rot  Necr/Pois/Air  56%        N/A       1%          2
 Scorch                   Fire           100%       2d9       1%          2
 Searing Ray              Conj           100%       2d8       1%          2
 Dazzling Flash           Conj/Hex       100%       N/A       1%          3
 Hailstorm                Conj/Ice       66%        3d14      1%          3
 Ignite Poison            Fire/Tmut/Pois 52%        N/A       1%          3
 Flame Wave               Conj/Fire      85%        2d18      1%          4
 Fulminant Prism          Conj/Hex       33%        3d15      1%          4
 Frozen Ramparts          Ice            34%        1d6       4%          3
 Vampiric Draining        Necr           17%        2d7       4%          3
 Freezing Cloud           Conj/Ice/Air   27%        6-21      9%          5
 Agony                    Necr           17%        N/A       34%         5
 Summon Cactus Giant      Summ           8%         N/A       88%         6
 Ignition                 Fire           38%        3d11      98%         8
 Discord                  Hex            8%         N/A       100%        8


Dungeon Overview and Level Annotations

Branches:
Dungeon (10/15)            Temple (0/1) D:6            Lair (4/5) D:9
  Swamp (0/4) Lair:3        Snake (0/4) Lair:3      Ossuary (visited)
  Slime: Lair:4-5       Orc: D:9-12

Altars:
Cheibriados
Dithmenos
Elyvilon
Kikubaaqudgha
Makhleb
Nemelex Xobeh
Sif Muna
Uskayaw
Vehumet
Zin

Shops:
D:9 (   D:10 *

Annotations:
D:10 2 runed translucent doors


Innate Abilities, Weirdness & Mutations

You are completely covered in rugged brown scales. (AC +3, +7% HP)
Armour fits poorly on your strangely shaped body.
You have a long armoured tail.
You roll when moving toward enemies. (Rampage)
Your long tongue fully drains potion bottles. (2x potion effects)
Your tongue gives you trouble enunciating. (1.5x scroll delay)


Message History

The death yak is heavily wounded.
The death yak is knocked back by the mystic blast.
The mystic blast hits the death yak!!
The death yak is moderately wounded.
The death yak is knocked back by the mystic blast.
The death yak gores you but does no damage.
The death yak misses you.
Unknown command.
Casting: Iskenderun's Mystic Blast (safe; 1% risk of failure)
Confirm with . or Enter, or press ? or * to list all spells.
You feel a surge of power!
You erupt in a blast of force!
The mystic blast hits the death yak.
The death yak is moderately wounded.
The death yak is knocked back by the mystic blast.
The mystic blast hits the death yak!!
The death yak is heavily wounded.
The death yak is knocked back by the mystic blast.
The death yak slams into the rock wall!
The death yak is heavily wounded.
The mystic blast hits the death yak!!
The death yak is heavily wounded.
The death yak is knocked back by the mystic blast.
The mystic blast hits the death yak!!
The death yak is moderately wounded.
The death yak is knocked back by the mystic blast.
The death yak slams into the rock wall!
The death yak is moderately wounded.
The mystic blast hits the death yak!
The death yak is heavily wounded.
The death yak is knocked back by the mystic blast.
The death yak slams into the rock wall!
The death yak is severely wounded.
Your surroundings suddenly seem different.
A fire dragon and 2 rime drakes come into view.
The fire dragon roars deafeningly!
The rime drake hisses angrily.
You hear an angry hiss. x5
A rime drake comes into view.
The fire dragon breathes flames at you. The blast of flame hits you!!!
You die...

#####
##...##
##...≈.#
#≈.D.@.#
#..k...#
#...k..#
#....≈.#.
#..#.≈≈###
#k######
#≈ #


You could see a fire dragon (catching breath) and 3 rime drakes.

Vanquished Creatures
  Fannar (Lair:2)
  Harold (D:9)
  3 hydras
  4 two-headed ogres
  3 catoblepae
  Urug (D:10)
  A skyshark (Lair:3)
  An ugly thing (D:10)
  A deep elf pyromancer (D:10)
  A salamander (Lair:3)
  A black mamba (Lair:1)
  Joseph (D:7)
  Maggie (D:10)
  A torpor snail (Lair:3)
  11 cane toads
  2 komodo dragons
  A troll (D:10)
  2 hornets (D:10)
  A polar bear (Lair:2)
  3 blink frogs (Lair:2)
  7 dream sheep
  A slime creature (D:10)
  A shadow (D:10)
  A wyvern (D:9)
  23 yaks
  4 wraiths
  3 basilisks
  9 vampire mosquitoes
  2 steam dragons (D:8)
  4 acid dragons
  9 water moccasins
  Duvessa (D:7)
  A sky beast (D:8)
  An ice beast (D:8)
  2 orc warriors
  3 black bears
  2 ogres
  6 centaurs
  12 wolves
  A phantom (D:6)
  Blork the orc (D:5)
  7 kobold brigands
  2 elf zombies (Ossuary)
  14 bullfrogs
  3 scorpions
  2 gnoll sergeants (D:6)
  11 wights
  Dowan (D:7)
  22 killer bees
  6 howler monkeys
  3 lava snakes (Lair:3)
  4 hounds
  2 jellies
  2 orc priests
  3 gnoll boudas
  A centaur zombie (Ossuary)
  3 human zombies (Ossuary)
  4 sleepcaps (D:6)
  4 iguanas
  An iron imp (D:3)
  11 orc wizards
  Natasha (thrice) (D:2)
  2 hound zombies (Ossuary)
  4 mummies
  7 gnolls
  10 adders
  A shadow imp (D:7)
  2 white imps (D:8)
  A howler monkey simulacrum (D:10)
  An ufetubus (D:7)
  3 adder zombies (Ossuary)
  2 worms
  4 dart slugs
  42 orcs
  6 bats
  3 bat zombies (D:9)
  5 endoplasms
  4 giant cockroaches
  5 goblins
  9 hobgoblins
  4 jackals (D:1)
  31 kobolds
  3 quokkas
  6 ball pythons
  2 gnoll zombies (Ossuary)
  5 goblin zombies
  3 hobgoblin zombies (Ossuary)
  6 jackal zombies (Ossuary)
  3 kobold zombies (Ossuary)
  7 quokka zombies (Ossuary)
  3 rats
  4 rat zombies
  A butterfly (Lair:3)
433 creatures vanquished.

Vanquished Creatures (others)
  An orc wizard (D:10)
  10 fungi
  24 plants
35 creatures vanquished.

Grand Total: 468 creatures vanquished

Notes
Turn   | Place    | Note
-------+----------+-------------------------------------------
     0 | D:1      | Mesmaeker13 the Armataur Conjurer began the quest for the
                  | Orb.
     0 | D:1      | Reached XP level 1. HP: 14/14 MP: 3/3
   260 | D:1      | Reached XP level 2. HP: 21/21 MP: 3/5
   709 | D:1      | Reached XP level 3. HP: 27/27 MP: 2/6
  1090 | D:1      | Found a faded altar of an unknown god.
  1146 | D:1      | Reached skill level 4 in Conjurations
  1336 | D:2      | Learned a level 2 spell: Searing Ray
  1703 | D:2      | Found a snail-covered altar of Cheibriados.
  1715 | D:2      | Became a worshipper of Cheibriados the Contemplative
  1880 | D:2      | Noticed Natasha
  1886 | D:2      | Killed Natasha
  1887 | D:2      | Reached XP level 4. HP: 27/35 MP: 0/7
  2145 | D:2      | Noticed Natasha
  2149 | D:2      | Killed Natasha
  2423 | D:2      | Noticed Natasha
  2442 | D:2      | Killed Natasha
  2443 | D:2      | Reached XP level 5. HP: 30/40 MP: 4/9
  2987 | D:3      | Identified the +5 short sword of Earthquakes {heavy, rElec}
  3268 | D:3      | Reached * piety under Cheibriados
  3532 | D:3      | Found a snail-covered altar of Cheibriados.
  3827 | D:3      | Reached XP level 6. HP: 48/48 MP: 4/11
  4019 | D:3      | Learned a level 4 spell: Iskenderun's Mystic Blast
  4265 | D:4      | Found a sand-covered staircase.
  4297 | Ossuary  | Entered an ossuary
  4343 | Ossuary  | Reached skill level 5 in Conjurations
  4343 | Ossuary  | Reached skill level 1 in Translocations
  4455 | Ossuary  | Reached ** piety under Cheibriados
  4656 | Ossuary  | Reached XP level 7. HP: 37/53 MP: 4/12
  5140 | D:4      | Reached *** piety under Cheibriados
  5669 | D:4      | Found a radiant altar of Vehumet.
  6000 | D:5      | Entered Level 5 of the Dungeon
  6323 | D:5      | Reached XP level 8. HP: 59/60 MP: 4/14
  6402 | D:5      | Reached skill level 6 in Conjurations
  6561 | D:5      | Noticed Blork the orc
  6576 | D:5      | Killed Blork the orc
  6804 | D:5      | Reached **** piety under Cheibriados
  7219 | D:5      | Reached skill level 5 in Spellcasting
  7948 | D:6      | Reached XP level 9. HP: 63/66 MP: 12/17
  8005 | D:6      | Reached skill level 5 in Dodging
  8192 | D:6      | Found a sparkling altar of Nemelex Xobeh.
  8289 | D:6      | Found a faded altar of an unknown god.
  8318 | D:6      | Reached skill level 5 in Translocations
  8566 | D:6      | Reached skill level 7 in Conjurations
  8880 | D:6      | Reached ***** piety under Cheibriados
  9129 | D:6      | Found a staircase to the Ecumenical Temple.
  9280 | D:7      | Found a burning altar of Makhleb.
  9280 | D:7      | Noticed a green death
  9356 | D:7      | Found a hide-covered altar of Uskayaw.
  9563 | D:7      | Noticed Duvessa
  9563 | D:7      | Noticed Dowan
  9572 | D:7      | Killed Duvessa
  9574 | D:7      | Killed Dowan
  9847 | D:7      | Found a shimmering blue altar of Sif Muna.
  9939 | D:7      | Identified the +1 ring mail of the Abyss {rF+ MP+9 Int-2}
 10193 | D:7      | Noticed Joseph
 10225 | D:7      | Killed Joseph
 10226 | D:7      | Reached XP level 10. HP: 32/73 MP: 3/19
 10376 | D:7      | Noticed a two-headed ogre
 10393 | D:7      | Killed a two-headed ogre
 10677 | D:8      | Reached skill level 8 in Conjurations
 10809 | D:8      | Noticed a two-headed ogre
 11024 | D:8      | Learned a level 4 spell: Sticky Flame
 11068 | D:8      | Killed a two-headed ogre
 11069 | D:8      | Reached skill level 1 in Fire Magic
 11858 | D:8      | Reached ****** piety under Cheibriados
 11956 | D:8      | Found a shadowy altar of Dithmenos.
 12343 | D:9      | Found a glowing silver altar of Zin.
 12373 | D:9      | Found a white marble altar of Elyvilon.
 12374 | D:9      | Noticed Harold
 12390 | D:9      | Killed Harold
 12582 | D:9      | Found an ancient bone altar of Kikubaaqudgha.
 12666 | D:9      | Found Alinkar's Antique Weapon Shop.
 12787 | D:9      | Reached XP level 11. HP: 73/79 MP: 16/21
 12851 | D:9      | Reached skill level 1 in Invocations
 13170 | D:9      | Found a staircase to the Lair.
 13246 | D:9      | Reached skill level 9 in Conjurations
 13451 | D:10     | Entered Level 10 of the Dungeon
 13662 | D:10     | Found a runed translucent door.
 13662 | D:10     | Found the +2 shield of Resistance {rF++ rC++ Will++}
 13663 | D:10     | Noticed an ice dragon
 13663 | D:10     | Noticed an ice dragon
 13664 | D:10     | Noticed a fire dragon
 13665 | D:10     | Noticed a fire dragon
 13667 | D:10     | Found a runed translucent door.
 13675 | D:10     | Found Kairyxzo's Lightly-Used Armoury.
 13688 | D:10     | Reached skill level 1 in Armour
 13688 | D:10     | Noticed Maggie
 13696 | D:10     | Killed Maggie
 14037 | D:10     | Noticed a two-headed ogre
 14045 | D:10     | Noticed a catoblepas
 14046 | D:10     | Killed a two-headed ogre
 14755 | D:10     | Noticed Urug
 14890 | D:10     | Noticed a green ugly thing
 14899 | D:10     | Killed a green ugly thing
 15186 | D:10     | Killed a catoblepas
 15537 | D:10     | Noticed a deep elf pyromancer
 15540 | D:10     | Killed a deep elf pyromancer
 15541 | D:10     | Reached skill level 5 in Fire Magic
 15653 | D:10     | Noticed a two-headed ogre
 15660 | D:10     | Killed a two-headed ogre
 15665 | D:10     | Reached XP level 12. HP: 42/86 MP: 15/22
 15982 | D:10     | Killed Urug
 15983 | D:10     | Reached skill level 5 in Armour
 16038 | Lair:1   | Entered Level 1 of the Lair of Beasts
 16433 | Lair:1   | Reached skill level 10 in Conjurations
 16605 | Lair:1   | Reached skill level 5 in Invocations
 17736 | Lair:2   | Noticed Fannar
 17745 | Lair:2   | Killed Fannar
 17805 | Lair:2   | Noticed a seven-headed hydra
 17816 | Lair:2   | Killed a seven-headed hydra
 18541 | Lair:2   | Reached skill level 10 in Translocations
 18943 | Lair:2   | Learned a level 4 spell: Olgreb's Toxic Radiance
 18957 | Lair:3   | Reached skill level 1 in Poison Magic
 19397 | Lair:3   | Noticed a five-headed hydra
 19406 | Lair:3   | Killed a five-headed hydra
 19407 | Lair:3   | Reached XP level 13. HP: 58/92 MP: 15/23
 19787 | Lair:3   | Found a staircase to the Swamp.
 19867 | Lair:3   | Found a staircase to the Snake Pit.
 20914 | Lair:4   | Reached skill level 11 in Conjurations
 20986 | Lair:4   | Noticed a fire dragon
 20986 | Lair:4   | Killed from afar by a fire dragon

Illustrated notes

Levels and vault maps discovered:
D:1:      saegor_arrival_simple_e, layout_rooms,
          dreamdust_ecumenical_altar_hidden_monk_grotto, st_stairs_14,
          nrook_campfire, minmay_crystal_room
D:2:      layout_loops_ring, basic_altar, minmay_distorted, uniq_natasha
D:3:      layout_basic, chei_slow_surprise
D:4:      layout_basic, kennysheep_mini_moat, nicolae_ossuary_entry_giza
D:5:      layout_loops_ring, kennysheep_generic_room_10, uniq_blork_the_orc
D:6:      layout_cave_pods, mainiacjoe_overflow_cross_hatched,
          minmay_temple_entry_antechambers, serial_column_ruins,
          column_ruins_temple_hut, column_ruins_open_medium,
          column_ruins_grid_1, column_ruins_open_tiny_water,
          column_ruins_columns_corner, column_ruins_open_medium,
          minmay_pentangle
D:7:      layout_gridville, old_standard_altar, tgw_sif,
          makhleb_altar_promises_db, uniq_joseph, uniq_duvessa
D:8:      minmay_s_stair_smasher, layout_basic, general_overflow_altar
D:9:      layout_roguey, lemuel_zombie_altar_kikubaaqudgha,
          mainiacjoe_overflow_tiny_flanked, mainiacjoe_overflow_alcove_1,
          serial_shops, shop, nrook_mini_vaults, hangedman_decor_diamond_cutter,
          dreamdust_gnoll_shepherd, uniq_harold
D:10:     nzn_winding_woodlands_cross [nzn_winding_woodlands_5x15_sawtooth,
          nzn_winding_woodlands_5x15_concentric,
          nzn_winding_woodlands_5x15_longhouse,
          nzn_winding_woodlands_5x15_jagged,
          nzn_winding_woodlands_15x15_thick_spiral], layout_rooms,
          grunt_ministairs_3, hangedman_decor_lopped, minmay_shop_damaged,
          minmay_guarded_unrand_resistance, uniq_maggie, uniq_urug
Lair:1:   layout_regular_city
Lair:2:   layout_roguey, uniq_fannar
Lair:3:   layout_long_grid, minmay_swamp_entry_swarm,
          nicolae_snake_entry_warm_welcome, lemuel_fruit_fields
Lair:4:   layout_concentric_octagons, minmay_slime_entry_pillars,
          columned_hall_lemuel, bobbens_dragon_lair_wall,
          infiniplex_staircase_pool_2, grunt_megastairs_3, uniq_snorg

Skill      XL: |  1  2  3  4  5  6  7  8  9 10 11 12 13 |
---------------+----------------------------------------+-----
Spellcasting   | 2 3 4 5 6 |  6.7
Dodging        | 2 3 4 5 6 7 |  7.0
Conjurations   | 4 5 6 7 8 9 10 11 | 11.0
Translocations | 1 3 4 6 7 9 10 | 10.0
Fire Magic     | 3 5 6 7 |  7.3
Invocations    | 4 6 7 |  7.0
Armour         | 4 7 8 |  8.1
Poison Magic   | 1 3 |  3.0
Stealth        | |  2.1

Action                     |  1- 3 |  4- 6 |  7- 9 | 10-12 | 13-15 || total
---------------------------+-------+-------+-------+-------+-------++-------
  Melee: Unarmed           |    10 |       |       |       |       ||    10
         Dagger            |    21 |       |       |       |       ||    21
         Tailslap          |     8 |     7 |    13 |    21 |     3 ||    52
         Whip              |     1 |    12 |       |       |       ||    13
         Short sword       |       |    45 |    92 |   126 |    18 ||   281
         Punch             |       |     1 |     2 |     1 |       ||     4
  Throw: Dart              |       |     5 |     5 |     2 |       ||    12
   Cast: Magic Dart        |    78 |    48 |   117 |    78 |     5 ||   326
         Searing Ray       |     3 |    16 |    41 |    46 |       ||   106
         Iskenderun's Myst |       |       |    14 |    88 |    29 ||   131
         Sticky Flame      |       |       |       |    32 |     6 ||    38
 Invoke: Bend Time         |       |       |       |     1 |       ||     1
         Temporal Distorti |       |       |       |       |     2 ||     2
  Evoke: Wand              |       |       |     5 |    10 |     8 ||    23
         Box of beasts     |       |       |       |     1 |       ||     1
         Condenser vane    |       |       |       |     1 |       ||     1
    Use: Scroll            |     1 |     6 |     4 |     7 |     2 ||    20
         Potion            |       |       |     1 |     6 |       ||     7
   Stab: Sleeping          |     1 |     2 |     4 |     5 |     2 ||    14
         Distracted        |       |       |       |     1 |       ||     1
 Armour: Robe              |    12 |    16 |    33 |    56 |    12 ||   129
  Dodge: Dodged            |    15 |    54 |   165 |   358 |    56 ||   648
